 Dungeon Crawl Stone Soup version 0.29-a0-598-gd8304a5bf4 (webtiles) character file.

Game seed: 15985688166784684771

16087 jifgo the Cleaver (level 12, -4/77 HPs)
             Began as a Tengu Gladiator on June 15, 2022.
             Was an Initiate of Gozag.
             Slain by a death yak (23 damage)
             ... in an ice cave.
             The game lasted 00:46:09 (12706 turns).

jifgo the Cleaver (Tengu Gladiator)                Turns: 12706, Time: 00:46:10

Health: -4/77      AC: 10    Str: 17    XL:     12   Next: 33%
Magic:  16/16      EV: 19    Int: 13    God:    Gozag
Gold:   863        SH:  0    Dex: 23    Spells: 12/16 levels left

rFire   . . .      SeeInvis .   Q - +3 scimitar (flame)
rCold   . . .      Faith    .   (no shield)
rNeg    . . .      Spirit   .   q - +1 ring mail {rPois}
rPois   +          Reflect  .   c - +0 hat
rElec   .          Harm     .   L - scarf {repulsion}
rCorr   .          Rampage  .   D - +3 pair of gloves of Mumblety Peg {Int+3}
Will    .....                   (boots unavailable)
Stlth   +.........              j - amulet of the acrobat
HPRegen 0.22/turn               w - +6 ring of dexterity
MPRegen 0.15/turn               u - +4 ring of evasion

@: mighty, gold aura, flying quickly and evasively, repel missiles, quick
A: beak, talons 3, nimble flight
a: Renounce Religion, Potion Petition, Call Merchant, Bribe Branch


You were in an ice cave.
You worshipped Gozag.
Gozag was pleased with you.
You visited 2 branches of the dungeon, and saw 12 of its levels.
You also visited: Ice Cave.

You collected 2184 gold pieces.
You spent 1173 gold pieces at shops.
You paid 148 gold pieces to Gozag.

Inventory:

Hand Weapons
 Q - a +3 scimitar of flaming (weapon)
Missiles
 d - 4 throwing nets
 h - 14 poisoned darts (quivered)
Armour
 a - a +2 plate armour of cold resistance
 b - a +0 leather armour
 c - a +0 hat (worn)
 q - a +1 ring mail of poison resistance (worn)
 y - a +0 chain mail
 z - a +0 cloak
 D - the +3 pair of gloves of Mumblety Peg (worn) {Int+3}
   (You found it on level 4 of the Dungeon)

   Int:       It affects your intelligence (+3).
 L - a scarf of repulsion (worn)
 X - a +0 plate armour
Jewellery
 j - an amulet of the acrobat (around neck)
 u - a +4 ring of evasion (right hand)
 w - a +6 ring of dexterity (left hand)
 F - a +6 ring of dexterity
 U - the ring of the Gazing Madman {rPois rF+ rN+ Will-}
   (You found it on level 9 of the Dungeon)

   [ring of poison resistance]

   rF:        It protects you from fire.
   rPois:     It protects you from poison.
   rN:        It protects you from negative energy.
   Will:      It decreases your willpower.
 Z - an amulet of reflection
Wands
 s - a wand of acid (5)
 T - a wand of charming (7)
Scrolls
 l - a scroll of summoning
 m - 2 scrolls of fog
 n - 4 scrolls of teleportation
 r - 2 scrolls of blinking
 C - 3 scrolls of magic mapping {unknown}
 E - 2 scrolls of fear
 N - a scroll of acquirement {unknown}
 O - 6 scrolls of immolation
 P - 4 scrolls of poison {unknown}
 S - 2 scrolls of enchant armour
 V - 2 scrolls of enchant weapon
Potions
 f - 3 potions of mutation
 i - 3 potions of haste {unknown}
 k - 2 potions of heal wounds
 p - a potion of ambrosia
 t - 3 potions of brilliance
 x - 4 potions of might
 A - 5 potions of curing
 B - 3 potions of berserk rage
 H - 2 potions of lignification
 J - 3 potions of flight {unknown}
 W - a potion of attraction {unknown}


   Skills:
 - Level 10.2 Fighting
 - Level 12.8 Long Blades
 + Level 13.2 Axes
 - Level 2.0 Throwing
 - Level 3.2 Dodging
 - Level 2.6 Spellcasting
 - Level 4.0 Air Magic


You had 12 spell levels left.
You knew the following spells:

 Your Spells              Type           Power      Damage    Failure   Level
a - Swiftness             Air            12%        N/A       26%         3
x - Shock                 Conj/Air       24%        1d4       21%         1

Your spell library contained the following spells:

 Spells                   Type           Power      Damage    Failure   Level
 Apportation              Tloc           2%         N/A       41%         1
 Magic Dart               Conj           4%         1d3       41%         1
 Necrotize                Necr           4%         1d4       41%         1
 Summon Small Mammal      Summ           4%         N/A       41%         1
 Call Imp                 Summ           1%         N/A       56%         2
 Ensorcelled Hibernation  Hex/Ice        2%         N/A       56%         2
 Mephitic Cloud           Conj/Pois/Air  5%         N/A       61%         3
 Airstrike                Air            6%         N/A       65%         4
 Spider Form              Tmut/Pois      1%         N/A       80%         3
 Summon Guardian Golem    Hex/Summ       1%         N/A       80%         3
 Anguish                  Hex/Necr       0%         N/A       99%         4
 Summon Ice Beast         Ice/Summ       1%         N/A       99%         4
 Summon Forest            Summ/Tloc      0%         N/A       100%        5
 Summon Mana Viper        Hex/Summ       1%         N/A       100%        5
 Eringya's Noxious Bog    Tmut/Pois      0%         N/A       100%        6
 Monstrous Menagerie      Summ           0%         N/A       100%        7
 Orb of Destruction       Conj           0%         9d5       100%        7
 Spellforged Servitor     Conj/Summ      0%         N/A       100%        7
 Summon Hydra             Summ           0%         N/A       100%        7


Dungeon Overview and Level Annotations

Branches:
Dungeon (11/15)            Temple (1/1) D:7            Lair (0/6) D:11
    Orc (0/2) D:10          IceCv (1/1)

Altars:
Ashenzari
Cheibriados
Dithmenos
Elyvilon
Fedhas
Gozag
Hepliaklqana
Kikubaaqudgha
Makhleb
Nemelex Xobeh
Okawaru
Qazlal
Ru
Sif Muna
Trog
Uskayaw
Vehumet
Wu Jian
Xom
Yredelemnul
Zin
The Shining One

Shops:
D:8 ((=!   D:9 *

Portals:
Abyss: D:9

Annotations:
D:2 Sigmund
D:9 2 transporters, Wiilli's ghost, novice SpVM


Innate Abilities, Weirdness & Mutations

You have a beak for a mouth.
You have claws for feet.
Your magical nature lets you fly swiftly and evasively.


Message History

You hit the death yak. You burn the death yak.
You claw the death yak, but do no damage.
Your peck misses the death yak.
The death yak is lightly wounded.
The death yak barely misses you.
You barely miss the death yak. You claw the death yak.
The death yak is moderately wounded.
You slice the death yak!! You burn the death yak.
You claw the death yak, but do no damage.
The death yak is heavily wounded.
The death yak gores you!!
You slash the death yak! You burn the death yak. You claw the death yak.
Your punch misses the death yak.
The death yak is severely wounded.
The death yak gores you!
You hit the death yak but do no damage. You claw the death yak.
You peck the death yak, but do no damage.
The death yak is almost dead.
You barely miss the death yak. You claw the death yak!
Your peck misses the death yak.
The death yak is almost dead.
The death yak gores you.
* * * LOW HITPOINT WARNING * * *
You hit the death yak. You burn the death yak.
You kill the death yak!
Your Axes skill increases to level 13!
Unknown command.
You hit the death yak but do no damage.
You claw the death yak, but do no damage.
The death yak gores you.
* * * LOW HITPOINT WARNING * * *
You feel very mighty all of a sudden. The death yak gores you!
* * * LOW HITPOINT WARNING * * *
You slice the death yak!! You burn the death yak. You claw the death yak.
You peck the death yak.
The death yak is moderately wounded.
The death yak gores you!!
You die...
Your body crumbles into a pile of gold.

##### ##.#.# ####
#.#.## #######..#
#######.#.###.#....∩.#
##...###..###.....∩..##
#.....#@###........###
#..#(.Y#.#..###.####
#..###.....## ###
##..###...##
#...###.###
##.Y#####.##
##..###...# ##...$Y.#
#....#.$#


You could see a death yak.

Vanquished Creatures
  A hydra (D:11)
  Erica (D:8)
  3 two-headed ogres
  A death yak (IceCv)
  Nergalle (D:11)
  Amaemon (D:10)
  Pikel (D:6)
  An ugly thing (D:11)
  A cyclops (D:11)
  Joseph (D:10)
  An orange demon (D:10)
  A gargoyle (D:11)
  2 rime drakes (D:11)
  3 polar bears (IceCv)
  2 trolls
  Grinder (D:3)
  2 wraiths
  3 shadows
  A wyvern (D:9)
  13 yaks
  2 steam dragons
  Edmund (D:4)
  2 acid dragons
  A swamp drake (D:10)
  2 water moccasins
  4 orc warriors
  Duvessa (D:4)
  2 black bears
  A sky beast (D:6)
  An ogre (D:6)
  4 wolves (IceCv)
  4 lemures (D:6)
  2 centaurs (D:7)
  A phantom (D:5)
  2 kobold brigands
  Blork the orc (D:6)
  6 bullfrogs
  A gnoll sergeant (D:9)
  4 scorpions
  4 wights (D:8)
  Dowan (D:4)
  6 killer bees (D:11)
  3 howler monkeys
  3 hounds
  A jelly (D:6)
  5 orc priests
  3 gnoll shamans (D:7)
  7 iguanas
  6 orc wizards
  Robin (D:2)
  19 gnolls
  6 adders
  3 shadow imps
  A white imp (D:6)
  An ufetubus (D:6)
  A worm (D:2)
  3 dart slugs
  The ghost of superpeng the Sneak, a weakling FeDe (D:4)
  32 orcs
  4 bats
  9 endoplasms
  4 giant cockroaches
  17 goblins
  15 hobgoblins
  4 jackals
  22 kobolds
  4 quokkas
  8 ball pythons
  3 frilled lizards
  5 rats
285 creatures vanquished.

Vanquished Creatures (others)
  A human (D:5)
  An orc (D:10)
  4 fungi (D:11)
  21 plants
27 creatures vanquished.

Grand Total: 312 creatures vanquished

Notes
Turn   | Place    | Note
-------+----------+-------------------------------------------
     0 | D:1      | jifgo the Tengu Gladiator began the quest for the Orb.
     0 | D:1      | Reached XP level 1. HP: 12/12 MP: 2/2
   234 | D:1      | Reached XP level 2. HP: 14/18 MP: 3/3
   535 | D:1      | Reached XP level 3. HP: 16/22 MP: 4/4
  1127 | D:1      | Found a faded altar of an unknown god.
  1452 | D:2      | Identified the +2 mace of the People {pain, rPois rC+
                  | Dex+2}
  1536 | D:2      | Reached XP level 4. HP: 25/28 MP: 5/5
  2101 | D:2      | Noticed Robin
  2112 | D:2      | Noticed Sigmund
  2399 | D:2      | Gained mutation: Your magical nature lets you fly swiftly
                  | and evasively. [Tengu growth]
  2399 | D:2      | Reached XP level 5. HP: 30/33 MP: 6/6
  2558 | D:2      | Killed Robin
  2559 | D:2      | Reached skill level 5 in Long Blades
  2825 | D:2      | Learned a level 3 spell: Swiftness
  2827 | D:2      | Learned a level 1 spell: Shock
  3114 | D:3      | Noticed Grinder
  3122 | D:3      | Paralysed by Grinder for 4 turns
  3127 | D:3      | Killed Grinder
  3128 | D:3      | Reached skill level 1 in Spellcasting
  3128 | D:3      | Reached XP level 6. HP: 14/39 MP: 6/9
  3704 | D:4      | Noticed Duvessa
  3704 | D:4      | Noticed Dowan
  3745 | D:4      | Upgraded the game from 0.29-a0-582-ge82337ba6a to
                  | 0.29-a0-598-gd8304a5bf4
  3754 | D:4      | Identified the +3 pair of gloves of Mumblety Peg {Int+3}
  4066 | D:4      | Found a hazy altar of Hepliaklqana.
  4067 | D:4      | Found an ornate altar of the Wu Jian Council.
  4077 | D:4      | Reached XP level 7. HP: 44/44 MP: 9/11
  4340 | D:4      | Noticed Edmund
  4365 | D:4      | Killed Edmund
  4683 | D:4      | Found a radiant altar of Vehumet.
  4840 | D:4      | Found a runed translucent door.
  4842 | D:4      | Noticed superpeng's ghost (weakling FeDe)
  4849 | D:4      | Noticed a steam dragon
  4927 | D:5      | Entered Level 5 of the Dungeon
  4934 | D:5      | Noticed a troll
  5012 | D:5      | Reached XP level 8. HP: 48/48 MP: 12/12
  5024 | D:5      | Found a glowing silver altar of Zin.
  5272 | D:5      | Found an opulent altar of Gozag.
  5272 | D:5      | Found a snail-covered altar of Cheibriados.
  5277 | D:5      | Became a worshipper of Gozag Ym Sagoz the Greedy
  5772 | D:4      | Killed Duvessa
  5780 | D:4      | Killed Dowan
  5981 | D:5      | Killed a troll
  5982 | D:5      | Reached skill level 5 in Fighting
  6090 | D:5      | Found an ancient bone altar of Kikubaaqudgha.
  6286 | D:6      | Reached skill level 10 in Long Blades
  6286 | D:6      | Reached XP level 9. HP: 53/55 MP: 13/13
  6313 | D:6      | Noticed Blork the orc
  6320 | D:6      | Killed Blork the orc
  6423 | D:6      | Found a stormy altar of Qazlal.
  6727 | D:6      | Noticed Pikel
  6934 | D:6      | Killed Pikel
  7270 | D:6      | Found an iron altar of Okawaru.
  7271 | D:6      | Found a bloodstained altar of Trog.
  7431 | D:7      | Found a staircase to the Ecumenical Temple.
  7560 | Temple   | Entered the Ecumenical Temple
  7794 | D:7      | Reached XP level 10. HP: 64/64 MP: 14/14
  8285 | D:4      | Killed superpeng's ghost
  8798 | D:8      | Noticed Erica
  8853 | D:8      | Killed Erica
  9085 | D:8      | Found Mootifa's Weapon Shop.
  9099 | D:8      | Bought the +9 broad axe of Bequeathed True Grit {antimagic,
                  | rPois} for 954 gold pieces
  9113 | D:8      | Found Vapenow's Antique Weapon Emporium.
  9135 | D:8      | Found Tileh's Jewellery Boutique.
  9179 | D:8      | Found Koalivoc's Distillery.
  9183 | D:8      | Bought a potion of invisibility for 96 gold pieces
  9675 | D:9      | Noticed a two-headed ogre
  9694 | D:9      | Reached skill level 1 in Axes
  9715 | D:9      | Killed a two-headed ogre
  9716 | D:9      | Reached skill level 10 in Fighting
  9716 | D:9      | Reached skill level 3 in Axes
  9846 | D:9      | Found a transporter.
  9866 | D:9      | Noticed a toenail golem
  9869 | D:9      | Identified the ring of the Gazing Madman {rPois rF+ rN+
                  | Will-}
  9888 | D:9      | Found Sowkomom's General Store.
 10142 | D:9      | Found a transporter.
 10163 | D:9      | Found a one-way gate to the infinite horrors of the Abyss.
 10163 | D:9      | Noticed Wiilli's ghost (novice SpVM)
 10168 | D:9      | Noticed a wizard
 10365 | D:9      | Noticed a thrashing horror
 10590 | D:9      | Bought a scroll of enchant armour for 97 gold pieces
 10590 | D:9      | Bought a scroll of identify for 26 gold pieces
 10596 | D:10     | Entered Level 10 of the Dungeon
 10596 | D:10     | Noticed an orange demon
 10597 | D:10     | Noticed Amaemon
 10607 | D:9      | Reached skill level 4 in Axes
 10676 | D:10     | Noticed Joseph
 10688 | D:10     | Killed Joseph
 10689 | D:10     | Reached skill level 5 in Axes
 10689 | D:10     | Reached XP level 11. HP: 66/72 MP: 15/15
 10907 | D:10     | Reached skill level 6 in Axes
 10933 | D:10     | Reached skill level 7 in Axes
 10935 | D:10     | Noticed a two-headed ogre
 10952 | D:10     | Killed a two-headed ogre
 10967 | D:10     | Killed Amaemon
 10968 | D:10     | Reached skill level 8 in Axes
 11050 | D:10     | Found a staircase to the Orcish Mines.
 11070 | D:10     | Reached skill level 9 in Axes
 11309 | D:10     | Noticed a two-headed ogre
 11317 | D:10     | Killed a two-headed ogre
 11621 | D:11     | Reached skill level 10 in Axes
 11637 | D:11     | Noticed a cyclops
 11647 | D:11     | Killed a cyclops
 11946 | D:11     | Noticed a red ugly thing
 11962 | D:11     | Killed a red ugly thing
 12045 | D:11     | Reached skill level 11 in Axes
 12045 | D:11     | Noticed a cyclops
 12114 | D:11     | Noticed Nergalle
 12117 | D:11     | Found a staircase to the Lair.
 12138 | D:11     | Killed Nergalle
 12139 | D:11     | Reached XP level 12. HP: 70/77 MP: 16/16
 12201 | D:11     | Noticed a five-headed hydra
 12209 | D:11     | Killed a two-headed hydra
 12210 | D:11     | Reached skill level 12 in Axes
 12245 | D:11     | Found a frozen archway.
 12273 | IceCv    | Entered an ice cave
 12677 | IceCv    | Noticed a death yak
 12678 | IceCv    | Noticed a death yak
 12703 | IceCv    | Killed a death yak
 12704 | IceCv    | Reached skill level 13 in Axes
 12706 | IceCv    | Slain by a death yak

Illustrated notes

Levels and vault maps discovered:
D:1:      pf_arrival_petrified_forest, layout_basic,
          ebering_ecumenical_altar_webs, hangedman_decor_diamond_cutter,
          chequers_serial_rivers_small_a
D:2:      layout_loops_ring, uniq_robin, uniq_sigmund
D:3:      layout_loops_cross, dk_noncrumbling_4, uniq_grinder
D:4:      layout_cave_pools, fiery_altar_vehumet,
          gammafunk_temple_overflow_pools, ebering_ghost_inner_flame,
          uniq_edmund, uniq_duvessa
D:5:      layout_loops_ring, jmf_multi_god_temple, zin_academy,
          tgw_kikubaaqudgha, minmay_door_square
D:6:      layout_gridville, grunt_temple_overflow_bloody_war,
          nicolae_qazlal_general_emergency, uniq_blork_the_orc, uniq_pikel
D:7:      layout_basic, minmay_temple_entry_tees, hex_large,
          nicolae_grassy_gnolls
D:8:      layout_loops_ring, serial_shops, shop, shop_coins, shop,
          nicolae_shop_bloodbath_and_beyond, hangedman_glass_teeth, uniq_erica
D:9:      layout_roguey, serial_shops, nicolae_diamond_shop,
          gammafunk_ghost_abyssal_escape
D:10:     layout_cross, erik_orc_1, amcnicky_mini_corridor_feature,
          minivault_25, uniq_joseph, uniq_amaemon
D:11:     layout_basic, grunt_lair_entry_orc_guard_hut, portal_ice_cave_rime,
          uniq_nergalle
Temple:   minmay_temple_bridge_abc
IceCv:    ice_cave_caverns_02

Skill      XL: |  1  2  3  4  5  6  7  8  9 10 11 12 |
---------------+-------------------------------------+-----
Long Blades    | 4 5 7 10 11 12 | 12.8
Fighting       | 3 4 5 8 10 | 10.2
Spellcasting   | 1 2 |  2.6
Air Magic      | 2 3 4 |  4.0
Axes           | 5 11 13 | 13.2
Throwing       | |  2.0
Dodging        | |  3.2

Action                   |  1- 3 |  4- 6 |  7- 9 | 10-12 || total
-------------------------+-------+-------+-------+-------++-------
Melee: Long sword        |    63 |   132 |   281 |    83 ||   559
       Peck              |    13 |    25 |    61 |    88 ||   187
       Kick              |    12 |    28 |   106 |   152 ||   298
       Punch             |       |     3 |     4 |     4 ||    11
       Scimitar          |       |       |       |   307 ||   307
Throw: Dart              |     5 |     2 |    20 |    17 ||    44
       Throwing net      |       |       |     2 |       ||     2
Evoke: Wand              |       |     3 |       |     2 ||     5
  Use: Scroll            |       |     3 |     9 |     5 ||    17
       Potion            |       |       |       |     2 ||     2
 Stab: Sleeping          |       |     1 |       |     1 ||     2
       Held in net/web   |       |       |     1 |       ||     1
       Distracted        |       |       |     1 |     2 ||     3
Armor: Leather armour    |     7 |    17 |       |       ||    24
       Chain mail        |       |    21 |     5 |       ||    26
       Ring mail         |       |       |    49 |    62 ||   111
Dodge: Dodged            |    32 |   138 |   195 |   317 ||   682
       Repelled          |       |       |       |     2 ||     2

Table legend: (Time is in decaauts)
 A = Elapsed time spent in this place.
 B = Non-inter-level travel time spent in this place.
 C = Inter-level travel time spent in this place.
 D = Time resting spent in this place.
 E = Time spent auto-exploring this place.
 F = Levels seen in this place.
 G = Mean time per level.
                   A        B        C        D        E       F      G
               +--------+--------+--------+--------+--------+-----+--------+
         Total |  12014 |  11470 |    544 |   2476 |   5531 |  13 |  924.2 |
       Dungeon |  11493 |  10958 |    535 |   2192 |   5426 |  11 | 1044.8 |
        Temple |    108 |     99 |      9 |      0 |     91 |   1 |  108.0 |
      Ice Cave |    411 |    411 |      0 |    283 |     13 |   1 |  411.0 |
               +--------+--------+--------+--------+--------+-----+--------+

Top non-repeatable levels by time:
     D:1: 1677 daAuts
     D:3: 1404 daAuts
     D:2: 1155 daAuts
     D:6: 1146 daAuts
     D:8: 1068 daAuts
     D:9: 962 daAuts
     D:5: 938 daAuts
     D:4: 923 daAuts
    D:10: 880 daAuts
     D:7: 717 daAuts
    D:11: 617 daAuts
   IceCv: 411 daAuts
  Temple: 108 daAuts
